 Dungeon Crawl Stone Soup version 0.29-a0-384-g6960b1960d (webtiles) character file.

Game seed: 17601702608372922707

4017 Lavitiy the Magician (level 10, -1/76 HPs)
             Began as a Gnoll Fire Elementalist on May 6, 2022.
             Was a Believer of Ashenzari.
             Slain by a boulder beetle (10 damage)
             ... on level 7 of the Dungeon.
             The game lasted 00:16:27 (8347 turns).

Lavitiy the Magician (Gnoll Fire Elementalist)      Turns: 8347, Time: 00:16:28

Health: -1/76      AC: 11    Str:  8    XL:     10   Next: 23%
Magic:  30/31      EV: 13    Int: 21    God:    Ashenzari [**....]
Gold:   274        SH:  0    Dex:  8    Spells: 20/26 levels left

rFire   . . .      SeeInvis +   m - +11 long sword "I Foresaw This" {speed, rC+ Int+3 Dex-5, Elem, Bglg} (curse)
rCold   + + .      Faith    .   (no shield)
rNeg    . . .      Spirit   .   j - +2 leather armour of Ashenzari's Prison {rC+, Fort, Cun} (curse)
rPois   +          Reflect  .   a - +0 helmet "Cryptic Pantheism" {Fort, Self} (curse)
rElec   +          Harm     .   x - +0 cloak
rCorr   .          Rampage  .   F - +2 pair of gloves
Will    .....                   (no boots)
Stlth   +++.......              (no amulet)
HPRegen 0.22/turn               w - ring of wizardry
MPRegen 0.22/turn               l - ring "Voskeir" {rElec rPois MP+9}

@: mighty
A: fangs 1, strong nose, distributed training
a: Renounce Religion, Curse Item, Shatter the Chains


You were on level 7 of the Dungeon.
You worshipped Ashenzari.
Ashenzari was pleased with you.
You visited 2 branches of the dungeon, and saw 8 of its levels.
You also visited: Ossuary.

You collected 274 gold pieces.

Inventory:

Hand Weapons
 h - a +1 dagger of venom
   (You took it off a goblin on level 1 of the Dungeon)
 m - the cursed +11 long sword "I Foresaw This" (weapon) {speed, rC+ Int+3 Dex-5, Elem, Bglg}
   (You found it on level 5 of the Dungeon)

   Attacks with this weapon are significantly faster.
   Int:       It affects your intelligence (+3).
   Dex:       It affects your dexterity (-5).
   rC:        It protects you from cold.
   It has a curse which improves the following skills: Elements: Fire Magic, Ice
   Magic, Air Magic and Earth Magic.
   Beguiling: Conjurations, Hexes and Translocations.
Missiles
 p - 7 curare-tipped darts {!f}
Armour
 a - the cursed +0 helmet "Cryptic Pantheism" (worn) {Fort, Self}
   (You found it on level 1 of the Dungeon)

   It has a curse which improves the following skills: Fortitude: Armour and
   Shields.
   Introspection: Fighting and Spellcasting.
 e - a +1 robe of willpower
   (You took it off Dowan on level 6 of the Dungeon)
 j - the cursed +2 leather armour of Ashenzari's Prison (worn) {rC+, Fort, Cun}
   (You found it on level 5 of the Dungeon)

   It has a curse which improves the following skills: Fortitude: Armour and
   Shields.
   Cunning:   Dodging and Stealth.
 x - a +0 cloak (worn)
   (You found it on level 3 of the Dungeon)
 F - a +2 pair of gloves (worn)
   (You found it on level 7 of the Dungeon)
Jewellery
 l - the ring "Voskeir" (right hand) {rElec rPois MP+9}
   (You acquired it on level 6 of the Dungeon)

   [ring of magical power]

   rElec:     It insulates you from electricity.
   rPois:     It protects you from poison.
   MP:        It affects your magic capacity (+9).
 w - a ring of wizardry (left hand)
   (You found it on level 3 of the Dungeon)
 G - a ring of flight
   (You found it on level 7 of the Dungeon)
Wands
 d - a wand of iceblast (8)
   (You found it on level 2 of the Dungeon)
 s - a wand of mindburst (8)
   (You found it on level 6 of the Dungeon)
Scrolls
 f - 3 scrolls of magic mapping
 g - a scroll of fear
 k - 3 scrolls of fog
 n - 3 scrolls of enchant weapon
 o - 3 scrolls of noise {!r}
 q - 2 scrolls of enchant armour
 r - 4 scrolls of summoning
 t - 2 scrolls of immolation {!r}
 y - 3 scrolls of teleportation {@r4}
 A - 4 scrolls of blinking
 C - 2 scrolls of amnesia
 E - a scroll of brand weapon
Potions
 b - 2 potions of mutation {!q}
 c - 3 potions of curing {@q1}
 i - 4 potions of heal wounds {@q2}
 u - 3 potions of haste {@q3}
 v - 2 potions of flight
 z - 3 potions of might
 B - a potion of brilliance
 D - 2 potions of magic


   Skills:
 + Level 5.1(6.3) Fighting
 + Level 5.1 Short Blades
 + Level 5.1 Long Blades
 + Level 5.1 Axes
 + Level 5.1 Maces & Flails
 + Level 5.1 Polearms
 + Level 5.1 Staves
 + Level 5.1 Slings
 + Level 5.1 Bows
 + Level 5.1 Crossbows
 + Level 5.1 Throwing
 + Level 5.1(6.9) Armour
 + Level 6.9(8.2) Dodging
 + Level 6.6(7.9) Stealth
 + Level 5.1(6.9) Shields
 + Level 5.1 Unarmed Combat
 + Level 7.2(8.5) Spellcasting
 + Level 4.7(5.9) Conjurations
 + Level 4.2(5.3) Hexes
 + Level 4.2 Summonings
 + Level 4.2 Necromancy
 + Level 4.2(5.3) Translocations
 + Level 4.2 Transmutations
 + Level 7.0(8.2) Fire Magic
 + Level 4.2(5.3) Ice Magic
 + Level 4.2(5.3) Air Magic
 + Level 4.2(5.3) Earth Magic
 + Level 4.2 Poison Magic
 + Level 5.6 Invocations
 + Level 5.1 Evocations


You had 20 spell levels left.
You knew the following spells:

 Your Spells              Type           Power      Damage    Failure   Level
a - Foxfire               Conj/Fire      100%       2x1d9     1%          1
b - Scorch                Fire           86%        2d9       1%          2
d - Conjure Flame         Conj/Fire      38%        6-21      1%          3

Your spell library contained the following spells:

 Spells                   Type           Power      Damage    Failure   Level
 Shock                    Conj/Air       100%       1d9       1%          1
 Summon Small Mammal      Summ           100%       N/A       1%          1
 Inner Flame              Hex/Fire       37%        N/A       1%          3
 Summon Guardian Golem    Hex/Summ       29%        N/A       1%          3
 Swiftness                Air            31%        N/A       1%          3
 Call Canine Familiar     Summ           26%        N/A       2%          3
 Flame Wave               Conj/Fire      38%        2d9       2%          4
 Airstrike                Air            15%        N/A       4%          4


Dungeon Overview and Level Annotations

Branches:
Dungeon (7/15)             Temple (1/1) D:4         Ossuary (visited)

Altars:
Ashenzari
Cheibriados
Dithmenos
Elyvilon
Fedhas
Hepliaklqana
Kikubaaqudgha
Makhleb
Nemelex Xobeh
Okawaru
Qazlal
Ru
Sif Muna
Trog
Uskayaw
Vehumet
Wu Jian
Xom
Yredelemnul
Zin
The Shining One

Shops:
D:4 *


Innate Abilities, Weirdness & Mutations

You have very sharp teeth.
Your uncanny sense of smell can sniff out nearby items.
Your experience applies equally to all skills.


Message History

You are too injured to fight recklessly!
You are too injured to fight recklessly!
You are too injured to fight recklessly!
You are too injured to fight recklessly!
You are too injured to fight recklessly!
You are too injured to fight recklessly!
You are too injured to fight recklessly!
You are too injured to fight recklessly!
Unknown command.
Flames lash the boulder beetle but do no damage.
The boulder beetle barely misses you.
You conjure some foxfire!
The boulder beetle bites you!
The foxfire hits the boulder beetle but does no damage.
The boulder beetle leaps!
There is a large open door here.
Things that are here:
+0 acid dragon scales; an acid dragon corpse You start resting.
A boulder beetle is nearby!
You conjure some foxfire!
You hit the boulder beetle. You punch the boulder beetle.
The foxfire hits the boulder beetle but does no damage. x2
The boulder beetle completely misses you.
You hit the boulder beetle but do no damage.
You hit the boulder beetle but do no damage.
You bite the boulder beetle, but do no damage.
The boulder beetle bites you!!
* * * LOW HITPOINT WARNING * * *
You hit the boulder beetle.
You bite the boulder beetle, but do no damage.
The boulder beetle barely misses you.
You hit the boulder beetle.
You bite the boulder beetle, but do no damage.
The boulder beetle bites you.
* * * LOW HITPOINT WARNING * * *
You feel much better. The boulder beetle barely misses you.
You feel very mighty all of a sudden. The boulder beetle misses you.
You hit the boulder beetle.
You bite the boulder beetle, but do no damage.
Unknown command.
You hit the boulder beetle. The boulder beetle bites you!
* * * LOW HITPOINT WARNING * * *
You hit the boulder beetle. The boulder beetle bites you!!
* * * LOW HITPOINT WARNING * * *
You barely miss the boulder beetle. The boulder beetle bites you!
* * * LOW HITPOINT WARNING * * *
You slash the boulder beetle! You slash the boulder beetle!
The boulder beetle bites you!
You die...

## ♣♣...♣...♣...♣♣ ###. .# ###
######.###### *** #.#. .# ♣.♣
♣♣♣♣♣♣♣)♣♣♣♣♣♣♣** ♣*#.## .# ♣.♣
♣.........)...♣ ≈ P #... .# ♣.♣
♣.♣♣♣♣♣♣♣♣♣♣♣.♣ ** ≈♣#... )#♣♣.♣♣
♣.♣.........♣.♣ ♣≈#...
)#♣...♣#♣.♣.♣♣♣♣♣♣♣.♣.♣ ♣ ♣♣≈#...
.#.....#♣.♣.♣######.♣.♣#♣≈♣♣≈#.##
.#..PP.#♣.♣.♣#.'@}#.♣.♣#≈≈≈.≈#.'.
...P≈.....♣.♣#.B.)#.♣....≈.≈...#.
)#.PPP.#♣.♣.♣#.####.♣.♣#♣≈♣♣♣#.##
.#.....#♣.♣.♣#......♣.♣ *#.#
.#♣...♣#♣.♣.♣♣♣♣♣♣♣♣♣.♣ ≈*#.#
.#♣♣.♣♣ ♣.♣..)........♣ ≈#.# .#
♣.♣ ♣.♣♣♣♣♣♣♣♣♣♣♣♣♣ , #.## .# ♣.♣
♣.......♣ ≈ , #..# .# ♣.♣
♣♣♣♣♣♣♣.♣ ** *#...


You could see a boulder beetle.

Vanquished Creatures
  Prince Ribbit (D:7)
  A steam dragon (D:7)
  An acid dragon (D:7)
  3 water moccasins
  Duvessa (D:6)
  A sky beast (D:7)
  A black bear (D:6)
  2 orc warriors (D:7)
  An ice beast (D:6)
  3 ogres
  2 centaurs (D:7)
  A phantom (D:6)
  A kobold brigand (D:7)
  3 necrophages
  A bullfrog (D:7)
  5 scorpions
  2 water moccasin zombies (Ossuary)
  4 wights (D:7)
  Dowan (D:6)
  A howler monkey (D:5)
  A centaur zombie (Ossuary)
  7 bullfrog zombies (Ossuary)
  2 jellies (D:7)
  7 hounds
  A gnoll shaman (D:7)
  16 mummies (Ossuary)
  An orc wizard (D:7)
  3 killer bee zombies (Ossuary)
  9 gnolls
  8 adders
  A white imp (D:7)
  An ufetubus (D:6)
  2 worms (D:3)
  3 dart slugs
  9 orcs
  7 bats
  7 endoplasms
  3 giant cockroaches
  7 goblins
  10 hobgoblins
  5 jackals
  5 kobolds
  4 quokkas
  8 ball pythons
  7 frilled lizards
  4 rats
174 creatures vanquished.

Vanquished Creatures (others)
  361 foxfires
  21 plants
  7 withered plants (Ossuary)
389 creatures vanquished.

Grand Total: 563 creatures vanquished

Notes
Turn   | Place    | Note
-------+----------+-------------------------------------------
     0 | D:1      | Lavitiy the Gnoll Fire Elementalist began the quest for the
                  | Orb.
     0 | D:1      | Reached XP level 1. HP: 13/13 MP: 6/6
   167 | D:1      | Reached XP level 2. HP: 19/19 MP: 3/7
   632 | D:1      | Reached skill level 5 in Spellcasting
   632 | D:1      | Reached XP level 3. HP: 21/25 MP: 7/9
   940 | D:1      | Reached skill level 1 in Invocations
  1313 | D:2      | Found a hazy altar of Hepliaklqana.
  1396 | D:2      | Reached skill level 1 in Fighting
  1396 | D:2      | Reached skill level 1 in Short Blades
  1396 | D:2      | Reached skill level 1 in Long Blades
  1396 | D:2      | Reached skill level 1 in Axes
  1396 | D:2      | Reached skill level 1 in Maces & Flails
  1396 | D:2      | Reached skill level 1 in Polearms
  1396 | D:2      | Reached skill level 1 in Staves
  1396 | D:2      | Reached skill level 1 in Slings
  1396 | D:2      | Reached skill level 1 in Bows
  1396 | D:2      | Reached skill level 1 in Crossbows
  1396 | D:2      | Reached skill level 1 in Throwing
  1396 | D:2      | Reached skill level 1 in Armour
  1396 | D:2      | Reached skill level 1 in Shields
  1396 | D:2      | Reached skill level 1 in Unarmed Combat
  1396 | D:2      | Reached skill level 1 in Evocations
  1396 | D:2      | Reached XP level 4. HP: 28/32 MP: 9/11
  1397 | D:2      | You fall into a shaft and drop 1 floor!
  1721 | D:2      | Reached skill level 1 in Hexes
  1721 | D:2      | Reached skill level 1 in Summonings
  1721 | D:2      | Reached skill level 1 in Necromancy
  1721 | D:2      | Reached skill level 1 in Translocations
  1721 | D:2      | Reached skill level 1 in Transmutations
  1721 | D:2      | Reached skill level 1 in Ice Magic
  1721 | D:2      | Reached skill level 1 in Air Magic
  1721 | D:2      | Reached skill level 1 in Earth Magic
  1721 | D:2      | Reached skill level 1 in Poison Magic
  1984 | D:3      | Reached XP level 5. HP: 31/37 MP: 8/12
  2180 | D:3      | Learned a level 3 spell: Conjure Flame
  2210 | D:3      | Found a faded altar of an unknown god.
  2633 | D:4      | Reached XP level 6. HP: 44/44 MP: 7/13
  2832 | D:4      | Found a staircase to the Ecumenical Temple.
  2856 | Temple   | Entered the Ecumenical Temple
  3173 | Temple   | Became a worshipper of Ashenzari the Shackled
  3269 | D:4      | Reached skill level 5 in Dodging
  3287 | D:4      | Found Oliejar's Overcharged Wands.
  3296 | D:4      | Reached XP level 7. HP: 50/50 MP: 13/15
  3484 | D:5      | Entered Level 5 of the Dungeon
  3504 | D:5      | Found a sand-covered staircase.
  3512 | Ossuary  | Entered an ossuary
  3570 | Ossuary  | Reached skill level 5 in Stealth
  3816 | Ossuary  | Reached XP level 8. HP: 49/57 MP: 12/16
  4485 | D:5      | Learned a level 2 spell: Scorch
  5026 | D:5      | Identified the +11 long sword of the Floral God {speed, rC+
                  | Int+3 Dex-5}
  5181 | D:5      | Reached XP level 9. HP: 65/65 MP: 19/19
  5460 | D:6      | Reached * piety under Ashenzari
  5460 | D:6      | Identified a scroll of acquirement
  5461 | D:6      | Acquired the ring "Voskeir" {rElec rPois MP+9}
  5647 | D:6      | Identified the +0 chain mail "Sewk" {rF+}
  5683 | D:6      | Noticed Dowan
  5691 | D:6      | Killed Dowan
  5694 | D:6      | Noticed Duvessa
  5701 | D:6      | Killed Duvessa
  6139 | D:6      | Reached ** piety under Ashenzari
  6807 | D:7      | Reached skill level 5 in Invocations
  7042 | D:7      | Noticed Prince Ribbit
  7051 | D:7      | Killed Prince Ribbit
  7248 | D:7      | Reached XP level 10. HP: 62/76 MP: 22/22
  7660 | D:7      | Reached skill level 5 in Fighting
  7660 | D:7      | Reached skill level 5 in Short Blades
  7660 | D:7      | Reached skill level 5 in Long Blades
  7660 | D:7      | Reached skill level 5 in Axes
  7660 | D:7      | Reached skill level 5 in Maces & Flails
  7660 | D:7      | Reached skill level 5 in Polearms
  7660 | D:7      | Reached skill level 5 in Staves
  7660 | D:7      | Reached skill level 5 in Slings
  7660 | D:7      | Reached skill level 5 in Bows
  7660 | D:7      | Reached skill level 5 in Crossbows
  7660 | D:7      | Reached skill level 5 in Throwing
  7660 | D:7      | Reached skill level 5 in Armour
  7660 | D:7      | Reached skill level 5 in Shields
  7660 | D:7      | Reached skill level 5 in Unarmed Combat
  7660 | D:7      | Reached skill level 5 in Evocations
  8320 | D:7      | Noticed a boulder beetle
  8320 | D:7      | Identified the +7 war axe of Chagrin {vorpal, Int+6}
  8347 | D:7      | Slain by a boulder beetle

Illustrated notes

Levels and vault maps discovered:
D:1:      minmay_arrival_stone_box, layout_basic, moated_statue
D:2:      layout_rooms, basic_altar
D:3:      layout_basic, shapermc_ecumenical_altar_mp_ritualfount,
          minmay_circle_x
D:4:      layout_rooms, minmay_temple_entry_hall, wad_floor_pattern_2,
          serial_bayou_lagoon_a, nicolae_shop_overcharged_wands
D:5:      layout_rooms, nicolae_ossuary_entry_ruins, kennysheep_cluttered_room,
          st_stairs_5, amethyst_killhole
D:6:      layout_basic, uniq_duvessa
D:7:      nzn_winding_woodlands_cross [nzn_winding_woodlands_5x15_concentric,
          nzn_winding_woodlands_5x15_garden,
          nzn_winding_woodlands_5x15_lazy_stream,
          nzn_winding_woodlands_5x15_twine,
          nzn_winding_woodlands_15x15_boxy_spiral], layout_gridville,
          uniq_prince_ribbit1
Temple:   mainiacjoe_temple_circle_huts

Skill      XL: |  1  2  3  4  5  6  7  8  9 10 |
---------------+-------------------------------+-----
Conjurations   | 2 3 4 |  4.7
Spellcasting   | 5 6 7 |  7.2
Invocations    | 1 2 3 4 5 |  5.6
Fighting       | 1 2 3 4 5 |  5.1
Short Blades   | 1 2 3 4 5 |  5.1
Long Blades    | 1 2 3 4 5 |  5.1
Axes           | 1 2 3 4 5 |  5.1
Maces & Flails | 1 2 3 4 5 |  5.1
Polearms       | 1 2 3 4 5 |  5.1
Staves         | 1 2 3 4 5 |  5.1
Slings         | 1 2 3 4 5 |  5.1
Bows           | 1 2 3 4 5 |  5.1
Crossbows      | 1 2 3 4 5 |  5.1
Throwing       | 1 2 3 4 5 |  5.1
Armour         | 1 2 3 4 5 |  5.1
Shields        | 1 2 3 4 5 |  5.1
Unarmed Combat | 1 2 3 4 5 |  5.1
Evocations     | 1 2 3 4 5 |  5.1
Hexes          | 1 2 3 4 |  4.2
Summonings     | 1 2 3 4 |  4.2
Necromancy     | 1 2 3 4 |  4.2
Translocations | 1 2 3 4 |  4.2
Transmutations | 1 2 3 4 |  4.2
Ice Magic      | 1 2 3 4 |  4.2
Air Magic      | 1 2 3 4 |  4.2
Earth Magic    | 1 2 3 4 |  4.2
Poison Magic   | 1 2 3 4 |  4.2
Dodging        | 5 6 |  6.9
Stealth        | 5 6 |  6.6
Fire Magic     | 6 7 |  7.0

Action                   |  1- 3 |  4- 6 |  7- 9 | 10-12 || total
-------------------------+-------+-------+-------+-------++-------
Melee: Dagger            |    54 |    70 |    25 |       ||   149
       Bite              |     6 |     6 |     9 |    14 ||    35
       Punch             |     1 |     4 |     3 |     2 ||    10
       Long sword        |       |       |   105 |    60 ||   165
 Cast: Foxfire           |    15 |    52 |   131 |     6 ||   204
       Scorch            |       |       |    17 |     8 ||    25
Invok: Curse Item        |       |       |     3 |       ||     3
  Use: Scroll            |       |     1 |     9 |       ||    10
       Potion            |       |       |     2 |     2 ||     4
 Stab: Sleeping          |     4 |     4 |     6 |     2 ||    16
Armor: Leather armour    |    10 |    26 |    49 |    16 ||   101
Dodge: Dodged            |    42 |    81 |   102 |    33 ||   258

Table legend: (Time is in decaauts)
 A = Elapsed time spent in this place.
 B = Non-inter-level travel time spent in this place.
 C = Inter-level travel time spent in this place.
 D = Time resting spent in this place.
 E = Time spent auto-exploring this place.
 F = Levels seen in this place.
 G = Mean time per level.
                   A        B        C        D        E       F      G
               +--------+--------+--------+--------+--------+-----+--------+
         Total |   8338 |   8169 |    169 |   1801 |   4998 |   9 |  926.4 |
       Dungeon |   7018 |   6887 |    131 |   1224 |   4537 |   7 | 1002.6 |
        Temple |    329 |    292 |     37 |      0 |    269 |   1 |  329.0 |
       Ossuary |    990 |    990 |      0 |    577 |    192 |   1 |  990.0 |
               +--------+--------+--------+--------+--------+-----+--------+

Top non-repeatable levels by time:
     D:7: 1697 daAuts
     D:1: 1310 daAuts
     D:6: 1182 daAuts
 Ossuary: 990 daAuts
     D:5: 981 daAuts
     D:3: 785 daAuts
     D:4: 551 daAuts
     D:2: 509 daAuts
  Temple: 329 daAuts
